 Dungeon Crawl Stone Soup version 0.26.1-11-gd32895ea62 (webtiles) character file.

Game seed: 92128214150835

23 Descartes the Sneak (level 2, 0/13 HPs)
             Began as a Felid Wanderer on May 1, 2021.
             Slain by a goblin
             ... wielding a +0 club
             ... led by Robin
              (6 damage)
             ... on level 1 of the Dungeon.
             The game lasted 00:01:21 (1053 turns).

Descartes the Sneak (Felid Wanderer)                Turns: 1053, Time: 00:01:22

Health: 0/13       AC:  1    Str:  9    XL:     2   Next: 72%
Magic:  4/4        EV: 15    Int: 14    God:
Gold:   13         SH:  0    Dex: 13    Spells: 3/3 levels left
                                        Lives:  0   Deaths: 0

rFire    . . .     SeeInvis +     - Unarmed
rCold    . . .     Faith    .   (shield unavailable)
rNeg     . . .     Spirit   .   (armour unavailable)
rPois    .         Reflect  .   (helmet unavailable)
rElec    .         Harm     .   (cloak unavailable)
rCorr    .         Rampage  .   (gloves unavailable)
Will     .....                  (boots unavailable)
Stlth    +++.......             (no amulet)
HPRegen  0.04/turn              (no ring)
MPRegen  0.09/turn              (no ring)

@: quick
A: very small, no armour, no weapons or thrown items, stealth, claws 1, fangs 3,
see invisible, speed 1, shaggy fur 1, sharp paws
a: no special abilities


You were on level 1 of the Dungeon.
You visited 1 branch of the dungeon, and saw 2 of its levels.

You collected 13 gold pieces.

Inventory:

Missiles
 f - 22 arrows
 g - 31 stones
Scrolls
 a - a scroll of blinking
 d - 4 scrolls of teleportation
 h - a scroll of enchant armour {unknown}
 i - a scroll of identify {unknown}
Potions
 b - a potion of berserk rage
 c - a potion of curing
 e - a potion of flight {unknown}
 j - 2 potions of heal wounds {unknown}
 k - a potion of ambrosia {unknown}


   Skills:
 - Level 2.0 Fighting
 + Level 3.9 Stealth
 - Level 3.5 Unarmed Combat
 - Level 1.0 Spellcasting
 - Level 1.5 Translocations
 - Level 1.0 Poison Magic


You had 3 spell levels left.
You didn't know any spells.
Your spell library was empty.

Dungeon Overview and Level Annotations

Branches:
Dungeon (2/15)

Altars:

Annotations:
D:2 Robin


Innate Abilities, Weirdness & Mutations

You cannot wear armour.
You are incapable of wielding weapons or throwing items.
Your paws allow you to move quietly. (Stealth)
You have sharp claws.
You have razor-sharp teeth.
You have supernaturally acute eyesight. (SInv)
You cover ground quickly.
You are covered in fur. (AC +1)
Your sharp claws are effective at attacking unaware monsters.


Message History

The goblin shouts! x2; You hear a shout!
A goblin comes into view.
It is wielding a +3 dagger. 3 goblins, a hobgoblin and Robin come into view.
The goblin moves out of view.
A goblin comes into view.
Robin shouts!
The goblin shouts! x2; The hobgoblin shouts!
The goblin shouts!
You hear a shout!
Robin throws the goblin at you!
There is a stone staircase leading up here.
The goblin misses you.
You climb upwards.
There is a stone staircase leading down here.
You barely miss the goblin. Your bite misses the goblin.
The goblin hits you with a +0 club.
You closely miss the goblin. The goblin hits you with a +0 club.
You are too injured to fight recklessly!
You are too injured to fight recklessly!
You are too injured to fight recklessly!
You closely miss the goblin. The goblin hits you with a +0 club.
You die...

.....##.........##.#.#
..#..........#..##.#.#####
...#...##...#...##.#.....#
##..#..##..#....##.#####.#
#...#....#.....'....###.#
#....#..#......##.#.....#
#.##..##..##...##.#..####
##.##..##..##..###)#....#####
......#..#......@g..........#
.....#....#...#####.#.....#.#
#...#..##..#........#.##....#
##.#...##...#..###..#.##...##
##..........#.##...#...#..#
#..##..#...#.##.....#...###
###..##..).#.#.##.#.........#
.....#####.#...##...#.#.#.#.#
.....## #.##.......#.#.###.#


You could see a goblin.

Vanquished Creatures
  A leopard gecko (D:1)
  5 bats (D:1)
  4 goblins
  3 hobgoblins (D:1)
  A frilled lizard (D:1)
  6 kobolds (D:1)
  A rat (D:1)
21 creatures vanquished.

Notes
Turn   | Place    | Note
-------+----------+-------------------------------------------
     0 | D:1      | Descartes the Felid Wanderer began the quest for the Orb.
     0 | D:1      | Descartes set off with the following items: a scroll of
                  | blinking, a potion of berserk rage, a potion of curing, a
                  | scroll of teleportation
     0 | D:1      | Reached XP level 1. HP: 9/9 MP: 3/3
   423 | D:1      | Reached XP level 2. HP: 10/13 MP: 4/4
  1040 | D:2      | Noticed Robin
  1053 | D:1      | Slain by a goblin

Illustrated notes

Levels and vault maps discovered:
D:1:      dpeg_arrival_renting, layout_basic, minivault_26,
          corexii_item_surrounded_by_moat
D:2:      layout_basic, lemuel_doored_altar, nicolae_qazlal_eye_of_the_storm,
          uniq_robin

Skill      XL: |  1 |
---------------+----+-----
Stealth        | 3 |  3.9
Fighting       | |  2.0
Unarmed Combat | |  3.5
Spellcasting   | |  1.0
Translocations | |  1.5
Poison Magic   | |  1.0

Action                   || total
-------------------------++-------
Melee: Unarmed           ||    49
       Bite              ||     3
 Stab: Sleeping          ||     2
Armor: Skin              ||     6
Dodge: Dodged            ||    31
